Map: Abiogenesis LE

Players

Akabob - Winner!

  • Race: Terran Terran
  • League: Gold
  • Spawn Location: 5:00

Kozzy

  • Race: Protoss Protoss
  • League: Gold
  • Spawn Location: 11:00

VOD

Have the link to the VOD?

Description

Time

  • Played on: April 10, 2018, 5:47 a.m.
  • Length: 11:29
Show
View Real Time Build Order
Export as new Build Order

Akabob Terran - Winner!

Build Orders: Reaper Expand, MMM Bio 

Get SALT Encoding   

  12  0:00  SCV  
  13  0:12  SCV  
  14  0:17  Supply Depot  
  14  0:24  SCV  
  14  0:28  Refinery  
  15  0:39  SCV  
  16  0:45  Barracks  
  16  0:51  SCV  
  17  1:03  SCV  
  18  1:15  SCV  
  19  1:32  Orbital Command  
  19  1:33  Reaper  
  20  1:44  Command Center  
  20  1:54  Factory  
  20  1:59  SCV  
  21  2:11  SCV, Refinery  
  21  2:14  Supply Depot  
  22  2:16  Barracks Reactor  
  22  2:24  SCV  
  23  2:49  Widow Mine  
  26  2:51  SCV  
  26  2:52  Marine x2  
  26  2:57  Starport  
  28  3:04  Orbital Command  
  28  3:05  SCV  
  29  3:12  Marine x2  
  30  3:15  Supply Depot, Widow Mine  
  30  3:18  SCV  
  34  3:29  Barracks  
  34  3:30  Marine x2  
  36  3:35  Medivac  
  36  3:40  Supply Depot  
  38  3:43  SCV  
  38  3:46  SCV  
  40  3:51  Marine  
  40  3:52  Marine  
  42  3:56  Factory Tech Lab  
  41  4:19  Barracks Tech Lab  
  41  4:21  Barracks  
  41  4:31  Liberator  
  41  4:43  SCV x2  
  41  4:44  Marine x2  
  41  4:45  Marauder  
  47  4:46  Stimpack  
  50  5:01  SCV x2  
  50  5:05  Supply Depot  
  52  5:12  Marine  
  52  5:13  Marine  
  55  5:14  Marauder  
  55  5:15  Barracks Tech Lab  
  55  5:20  Engineering Bay  
  55  5:22  Engineering Bay  
  55  5:25  Armory  
  55  5:26  SCV  
  55  5:27  SCV  
  57  5:31  Supply Depot  
  57  5:49  Marine x2  
  49  5:50  Marauder  
  49  5:51  Combat Shields  
  49  5:56  Terran Infantry Weapons Level 1  
  51  5:59  Terran Infantry Armor Level 1  
  51  6:00  Marine  
  52  6:07  Marine x2  
  52  6:11  Marine  
  54  6:12  Refinery  
  54  6:13  Command Center  
  54  6:17  Siege Tank  
  58  6:24  Marauder  
  58  6:25  Marine x2  
  60  6:26  Supply Depot  
  60  6:27  SCV x2  
  60  6:32  Refinery  
  62  6:41  Starport Reactor  
  62  6:46  Concussive Shells  
  60  7:11  Marine x2, Marauder x2  
  60  7:12  Supply Depot x2  
  66  7:17  Terran Vehicle Weapons Level 1  
  66  7:18  Barracks  
  66  7:19  Widow Mine  
  66  7:20  Barracks  
  66  7:21  SCV x2  
  69  7:33  Marine x2  
  69  7:34  Command Center, Marauder x2, SCV  
  69  7:35  SCV  
  77  7:39  Supply Depot  
  77  7:40  Supply Depot, Widow Mine  
  79  7:46  Medivac x2  
  83  7:51  Marine x2  
  85  8:01  Marauder x2  
  91  8:06  Siege Tank  
  91  8:08  SCV x2  
  91  8:09  Command Center  
  91  8:10  Barracks Tech Lab  
  94  8:15  Barracks Reactor  
  94  8:19  Marine  
  94  8:20  Marine  
  94  8:23  Marauder x2  
  94  8:25  SCV x2  
  101  8:37  Marine  
  101  8:38  Marine  
  101  8:44  Marine  
  101  8:46  Marauder x2  
  106  8:55  Marine  
  107  9:05  Medivac x2  
  111  9:16  Marauder  
  111  9:17  Marauder x2  
  117  9:21  Supply Depot  
  117  9:23  Supply Depot  
  117  9:34  Marine x3  
  117  9:43  Marine, Marauder x3  
  117  9:44  Supply Depot  
  124  9:47  Supply Depot  
  124  9:50  SCV x2  
  124  9:52  Marine  
  127  9:59  Marine x2  
  129  10:01  Marine  
  129  10:05  Marauder  
  129  10:06  Marauder x2  
  139  10:07  Siege Tank  
  139  10:10  Supply Depot x2  
  139  10:17  Marine x2  
  139  10:18  Marine  
  142  10:26  Marauder  
  144  10:35  Command Center  
  144  10:36  SCV x2  
  144  10:42  Marauder x2  
  150  10:46  Siege Tank  
  150  10:47  Marauder  
  150  10:48  SCV x2  
Show
View Real Time Build Order
Export as new Build Order

Kozzy Protoss 

Build Orders:  

Get SALT Encoding   

  12  0:00  Probe  
  13  0:13  Probe  
  14  0:27  Pylon  
  14  0:30  Probe  
  15  0:45  Probe (Chrono Boost)  
  15  0:47  Gateway  
  16  0:51  Assimilator  
  16  0:55  Assimilator  
  17  0:57  Probe (Chrono Boost)  
  17  1:07  Probe (Chrono Boost)  
  18  1:15  Probe  
  19  1:29  Probe  
  20  1:41  Probe, Cybernetics Core  
  20  1:42  Pylon  
  21  1:49  Pylon  
  21  1:53  Probe  
  22  2:05  Probe  
  23  2:17  Forge  
  23  2:18  Gateway  
  23  2:19  Stalker (Chrono Boost)  
  25  2:25  Warp Gate  
  24  2:51  Stalker  
  24  2:54  Protoss Ground Weapons Level 1 (Chrono Boost)  
  26  3:06  Twilight Council  
  26  3:08  Pylon  
  26  3:23  Pylon  
  26  3:38  Stalker, Shield Battery  
  28  3:44  Photon Cannon  
  28  3:50  Pylon  
  32  4:40  Protoss Ground Weapons Level 2 (Chrono Boost)  
  32  4:43  Blink (Chrono Boost)  
  28  4:45  Gateway  
  28  4:51  Stalker x2  
  32  5:01  Gateway  
  32  5:02  Pylon  
  32  5:19  Stalker  
  32  5:20  Shield Battery  
  34  5:39  Pylon  
  24  5:50  Stalker  
  24  5:51  Stalker  
  28  6:04  Probe  
  29  6:16  Probe  
  30  7:04  Stalker  
  30  7:05  Stalker x2  
  36  7:29  Stalker x2  
  40  7:30  Stalker x2  
  44  7:40  Probe (Chrono Boost)  
  45  7:50  Probe (Chrono Boost)  
  46  7:55  Probe (Chrono Boost)  
  47  7:59  Stalker x2  
  47  8:01  Stalker  
  53  8:06  Probe  
  54  8:18  Probe  
  43  9:09  Stalker x4  
  51  9:10  Charge (Chrono Boost)  
  51  9:36  Zealot x3  
  51  9:37  Zealot  
  59  9:57  Zealot x3  
  65  10:04  Zealot  
  67  10:19  Zealot  
  67  10:20  Zealot  
  71  10:32  Zealot  
  73  11:22  Nexus  
Tags
 
Composition
MMM Bio
League
GoldGold
Matchup
PvT
Spawn Locations
Cross Positions
Add a new tag
Caveats
  • Supply blocks, unpowered buildings, or Contaminate may cause inaccurate times.
  • Supply counts are checked every 10 seconds.